[Event "*** Titled Tuesday Blitz"]
[Site "Chess.com"]
[Date "2020.04.28"]
[Round "3"]
[White "monstertube"]
[Black "dbrankovic68"]
[Result "0-1"]
[WhiteElo "2144"]
[BlackElo "2348"]
[TimeControl "180+1"]
[EndTime "10:29:49 PDT"]
[Termination "dbrankovic68 won by resignation"]

1. d4 Nf6 2. Nf3 g6 3. c4 Bg7 4. Nc3 d6 5. e4 O-O 6. Bg5 c6 7. Be2 Na6 8. h3 Qa5 9. O-O e5 10. d5 cxd5 11. cxd5 Bd7 12. a3 Rfc8 13. Rc1 b5 14.
Nd2 Qb6 15. Nb3 Rxc3 16. bxc3 Nxe4 17. Be3 Qc7 18. Qc2 f5 19. f3 Ng3 20. Rfd1 Nxe2+ 21. Qxe2 Rc8 22. Nd2 Qa5 23. Nb1 Nc5 24. Qf2 Qa4 25.
Qc2 Qa5 26. Bd2 Qb6 27. Be3 Qa6 28. Qb2 f4 29. Bf2 Na4 30. Qb4 Rc4 31. Qb3 Nc5 32. Qb2 Bf5 33. Nd2 Nd3 34. Qa2 Ra4 35. Ra1 Nxf2 36. Kxf2 Qb6+ 37. Kf1 Bf6 38. Re1 Bh4 39. Re2 Bd3 40. Ne4 Qe3 41. Re1 Rxe4 0-1

[Event "*** Titled Tuesday Blitz"]
[Site "Chess.com"]
[Date "2020.04.28"]
[Round "3"]
[White "jposthuma"]
[Black "ChrisTool2"]
[Result "1-0"]
[WhiteElo "2590"]
[BlackElo "2383"]
[TimeControl "180+1"]
[EndTime "10:29:50 PDT"]
[Termination "jposthuma won by resignation"]

1. d4 Nf6 2. c4 e6 3. g3 d5 4. Bg2 dxc4 5. Nf3 Nc6 6. Qa4 Bb4+ 7. Bd2 Nd5 8. Bxb4 Nxb4 9. O-O a6 10.
Ne5 O-O 11. Nxc6 Nxc6 12. Bxc6 bxc6 13. Qxc4 Rb8 14. Nc3 Rxb2 15. Rab1 Rxb1 16. Rxb1 Qd6 17. f4 Rd8 18. e3 Bd7 19. Qxa6 h5 20. Qa5 g6 21. Ne4 Qe7 22. Qxc7 Kg7 23. Rb8 Rxb8 24.
Qxb8 Qa3 25. Qe5+ Kf8 26. Qc5+ Qxc5 27. Nxc5 Bc8 28. a4 Ke7 29. a5 Kd6 30. a6 Kc7 31. a7 Bb7 32. Kf2 Ba8 33. Nd3 Kb6 34. Ne5 Kxa7 35.
Nxf7 Kb6 36. Ne5 c5 37. Nd7+ Kc6 38. Nxc5 Kd5 39. Nd3 Kc4 40. Ne5+ Kc3 41. Nxg6 Be4 42. Ne5 Bf5 43. Kf3 Kd2 44. g4 Bxg4+ 45. Nxg4 hxg4+ 46. Kxg4 Kxe3 47. h4 Kxd4 48. h5 e5 49. fxe5 Kxe5 50. Kg5 Ke6 51. Kg6 Ke7 52. Kg7 Ke6 53. h6 1-0

[Event "*** Titled Tuesday Blitz"]
[Site "Chess.com"]
[Date "2020.04.28"]
[Round "3"]
[White "Vamostodorecto"]
[Black "AniJak"]
[Result "0-1"]
[WhiteElo "2475"]
[BlackElo "2252"]
[TimeControl "180+1"]
[EndTime "10:29:50 PDT"]
[Termination "AniJak won by checkmate"]

1. d4 d5 2. c4 c6 3. Nc3 Nf6 4. Nf3 e6 5. e3 Nbd7 6. Bd3 dxc4 7. Bxc4 b5 8. Be2 a6 9. e4 c5 10. e5 cxd4 11. Qxd4 Bc5 12. Qh4 Ng8 13. Qxd8+ Kxd8 14. Bf4 Ne7 15. O-O Ng6 16. Bg3 Bb7 17. Rfd1 Ke7 18. Rac1 Rhd8 19. h4 Rac8 20. h5 Ngf8 21. Bh4+ f6 22.
Re1 h6 23. Bd1 Bb4 24. Nh2 Nc5 25. Ng4 Nd3 26. exf6+ gxf6 27. Bxf6+ Ke8 28. Bb3 Nxc1 29. Bxd8 Nxb3 30. Bh4 Nd4 31. Nxh6 Bxc3 32. bxc3 Rxc3 33. Ng4 Nf5 34. Bf6 Rc4 35. f3 Ra4 36. h6 Kf7 37. Be5 Rxa2 38. Rc1 Bd5 39. Rc7+ Kg6 40. Rc8 Nh7 41.
Rg8+ Kh5 42. Rh8 Kg6 43. Rg8+ Kh5 44. Rh8 Nh4 45. Rxh7 Rxg2+ 46. Kf1 Bc4+ 47. Ke1 Nxf3+ 48. Kd1 Bb3+ 49. Kc1 Rc2+ 50. Kb1 Nd2+ 51. Ka1 Ra2# 0-1

[Event "*** Titled Tuesday Blitz"]
[Site "Chess.com"]
[Date "2020.04.28"]
[Round "3"]
[White "Rodalquilar"]
[Black "Dr-Bassem"]
[Result "1-0"]
[WhiteElo "2619"]
[BlackElo "2792"]
[TimeControl "180+1"]
[EndTime "10:29:51 PDT"]
[Termination "Rodalquilar won on time"]

1. d4 e6 2. e4 d5 3. exd5 exd5 4. Nf3 Bd6 5. c4 dxc4 6. Bxc4 Nf6 7. O-O O-O 8. Ne5 Nbd7 9. Bf4 Nb6 10. Bb3 Nfd5 11. Bg3 Be6 12. Re1 c6 13. Nc3 Re8 14. Ne4 Bb4 15. Re2 Nd7 16. a3 Bf8 17. Nc4 N7f6 18. Ned6 Bxd6 19. Nxd6 Re7 20. Re1 Rd7 21. Nc4 Nb6 22.
Ne5 Rxd4 23. Bxe6 fxe6 24. Qc2 Qd5 25. Nf3 Rc4 26. Qb3 Re4 27. Qc3 Rd8 28. h3 Rxe1+ 29.
Rxe1 Ne4 30. Qe3 Nxg3 31. fxg3 Re8 32. Ne5 h6 33. Qf4 Qd6 34. Qf7+ Kh7 35. Qxe8 Qd4+ 36. Kh2 Nd5 37. Qg6+ Kg8 38. Nf7 Kf8 39. Rxe6 Nf6 40. Ne5 1-0

[Event "*** Titled Tuesday Blitz"]
[Site "Chess.com"]
[Date "2020.04.28"]
[Round "3"]
[White "12teen"]
[Black "GasconJR"]
[Result "1-0"]
[WhiteElo "2799"]
[BlackElo "2598"]
[TimeControl "180+1"]
[EndTime "10:29:51 PDT"]
[Termination "12teen won by resignation"]

1. e4 c5 2. Nc3 Nc6 3. f4 e6 4. g3 d5 5. Bg2 dxe4 6. Nxe4 Nf6 7. Nxf6+ Qxf6 8. Nf3 Qd8 9. O-O g6 10. d3 Bg7 11. c3 Rb8 12. Be3 b6 13. Ne5 Nxe5 14.
fxe5 O-O 15. d4 cxd4 16. cxd4 Bb7 17. Bxb7 Rxb7 18. Qf3 Rd7 19. Rac1 Qa8 20. Rc6 Rc8 21. Rfc1 Rxc6 22. Qxc6 Qxc6 23. Rxc6 h5 24. Kf2 Kh7 25. Kf3 g5 26. Ke4 Kg6 27. h4 gxh4 28. gxh4 Bf8 29.
Bg5 Bg7 30. b4 Bf8 31. b5 Bg7 32. a4 Bf8 33. Rc8 Bg7 34. Rg8 Kh7 35. Re8 Kg6 36.
Rc8 Kh7 37. Bd2 f5+ 38. exf6 Bxf6 39. Be3 Bxh4 40. Rc6 Re7 41. Ke5 Bg3+ 42. Kf6 Rg7 43. Rxe6 h4 44. Kf5 Kg8 45. Rh6 Rh7 46. Rxh7 Kxh7 47. d5 h3 48. Bg1 h2 49. Bxh2 Bxh2 50. Ke6 Kg6 51. d6 Kg5 52. d7 Bc7 53. Ke7 Kf5 54.
d8=Q Bxd8+ 55. Kxd8 Ke6 56. Kc7 Kd5 57. Kb7 Kc5 58. Kxa7 Kb4 59. Kxb6 Kxa4 60. Kc6 1-0

[Event "*** Titled Tuesday Blitz"]
[Site "Chess.com"]
[Date "2020.04.28"]
[Round "3"]
[White "Vincent_Vega95"]
[Black "JozefKneht"]
[Result "1-0"]
[WhiteElo "2693"]
[BlackElo "2422"]
[TimeControl "180+1"]
[EndTime "10:29:51 PDT"]
[Termination "Vincent_Vega95 won on time"]

1. d4 d5 2. c4 e6 3. Nc3 Nf6 4. Nf3 Be7 5. Bg5 h6 6. Bh4 O-O 7. Qc2 c5 8. dxc5 Qa5 9. e3 dxc4 10. Bxc4 Qxc5 11. Be2 Nc6 12. a3 Bd7 13. O-O Rac8 14. Rac1 Rfd8 15. b4 Qf5 16. Qb3 e5 17. Bc4 Rf8 18.
Bxf6 Bxf6 19. Bd5 Rce8 20. b5 Na5 21. Qb4 b6 22. Be4 Qh5 23. Nd5 Bd8 24. Bb1 Bg4 25.
Nd2 Be6 26. Ba2 Bxd5 27. Bxd5 Be7 28. Qe4 Bxa3 29. Rc7 Kh8 30. g4 Qg6 31. Ra1 f5 32. Qg2 Bd6 33. Rd7 fxg4 34. Ne4 Bb8 35. Rc1 Rd8 36.
Rxd8 Rxd8 37. Bc6 h5 38. h3 Nb3 39. Rc3 Nd2 40. Nxd2 Rxd2 41. Be4 Qe6 42. hxg4 h4 43. g5 h3 44. Qg3 1-0

[Event "*** Titled Tuesday Blitz"]
[Site "Chess.com"]
[Date "2020.04.28"]
[Round "3"]
[White "KingCrusher275"]
[Black "DinaBelenkaya"]
[Result "0-1"]
[WhiteElo "2345"]
[BlackElo "2186"]
[TimeControl "180+1"]
[EndTime "10:29:51 PDT"]
[Termination "DinaBelenkaya won by checkmate"]

1. d4 Nf6 2. c4 c5 3. d5 e5 4.
Nc3 d6 5. e4 Be7 6. Nf3 Nbd7 7.
Bd3 a6 8. O-O Nf8 9. a3 Ng6 10.
b4 b6 11. Rb1 Bd7 12. Na4 Rb8 13. Be3 O-O 14. Nc3 Qc7 15. b5 a5 16. Ne1 Ng4 17. Bc1 Nf4 18. h3 Nh6 19. Bxf4 exf4 20. Nf3 f6 21. Qd2 g5 22. Nh2 Nf7 23. Be2 Qc8 24.
Bh5 Ne5 25. Qe2 Kh8 26. Ng4 Rg8 27. Nxe5 fxe5 28. Bg4 Qc7 29. Be6 Rg7 30. Qg4 Bf6 31. Rbd1 Rf8 32. Rd3 Be8 33. Qe2 h5 34. Bf5 Qf7 35.
Be6 Qg6 36. Bf5 Qh6 37. Rfd1 Bd7 38. Bxd7 Rxd7 39. f3 Rg7 40. Kf2 g4 41. hxg4 Bh4+ 42. Kf1 hxg4 43. fxg4 Bg3 44. Qf3 Qh4 45. Ke2 Rxg4 46.
Rg1 Rfg8 47. Rdd1 Bh2 48. Rh1 Rxg2+ 49. Kd3 R8g3 50. Qxg3 Qxg3# 0-1

[Event "*** Titled Tuesday Blitz"]
[Site "Chess.com"]
[Date "2020.04.28"]
[Round "3"]
[White "novocane"]
[Black "ShahMatKanal"]
[Result "0-1"]
[WhiteElo "2233"]
[BlackElo "2460"]
[TimeControl "180+1"]
[EndTime "10:29:52 PDT"]
[Termination "ShahMatKanal won on time"]

1. d4 e6 2. c4 d5 3. Nc3 c6 4. e4 dxe4 5. Nxe4 Bb4+ 6. Bd2 Qxd4 7. Bxb4 Qxe4+ 8. Be2 Na6 9. Bc3 Nf6 10. Nf3 O-O 11. O-O b6 12. Bd3 Qf4 13. Be5 Qh6 14. Re1 Bb7 15. Bxf6 gxf6 16. Re4 f5 17. Rh4 Qg7 18. Rh3 Kh8 19. Rg3 Qxb2 20. Ng5 Qf6 21. Nxh7 Kxh7 22. Rh3+ Kg7 23. Rg3+ Qg6 24. Rxg6+ fxg6 25. Be2 Rad8 26. Qc1 c5 27. Qc3+ Rd4 28. Re1 e5 29. f4 e4 30. g4 Rf6 31. g5 Rfd6 32. Qh3 Nc7 33. Qh6+ Kg8 34. Bh5 gxh5 35. g6 Rd7 36. Qxh5 Ne6 37.
Qxf5 Ng7 38. Qe5 Rd1 39. Rxd1 Rxd1+ 40. Kf2 e3+ 41. Ke2 Rd8 42. Qc7 Re8 43. Qxb7 Rf8 0-1

[Event "*** Titled Tuesday Blitz"]
[Site "Chess.com"]
[Date "2020.04.28"]
[Round "3"]
[White "Willychess95"]
[Black "abubakrtagelsir"]
[Result "1-0"]
[WhiteElo "2562"]
[BlackElo "2357"]
[TimeControl "180+1"]
[EndTime "10:29:53 PDT"]
[Termination "Willychess95 won on time"]

1. e4 d6 2. d4 Nf6 3. Nc3 g6 4.
f3 c6 5. Be3 Nbd7 6. Qd2 b5 7.
O-O-O Nb6 8. Bd3 Nc4 9. Bxc4 bxc4 10. Bh6 Bxh6 11. Qxh6 Rb8 12. e5 Nd5 13. Nge2 Qb6 14. exd6 Qxb2+ 15. Kd2 Bf5 16. Rc1 exd6 17. Nxd5 cxd5 18.
Nc3 Kd7 19. Qg7 Be6 20. Rhe1 Qb7 21. Rxe6 Kxe6 22. Re1+ Kd7 23. Qxf7+ Kc8 24. Re7 Qc6 25. Qe6+ Kd8 26. Nxd5 Rf8 27. Rxh7 Rb7 28. Rxb7 Qxb7 29. Qxd6+ Ke8 30. Qe6+ Kd8 31. Qd6+ Ke8 32. Qxg6+ Qf7 33. Qc6+ Qd7 34. Qg6+ Kd8 35. Qg5+ Kc8 36. c3 Qa4 37. Qg4+ 1-0

[Event "*** Titled Tuesday Blitz"]
[Site "Chess.com"]
[Date "2020.04.28"]
[Round "3"]
[White "GadimbayliA"]
[Black "arctic_t00"]
[Result "1-0"]
[WhiteElo "2898"]
[BlackElo "2465"]
[TimeControl "180+1"]
[EndTime "10:29:54 PDT"]
[Termination "GadimbayliA won by checkmate"]

1. e4 e6 2. d4 d5 3. Nd2 c5 4.
Ngf3 a6 5. exd5 exd5 6. c3 Nf6 7.
Bd3 Be7 8. dxc5 Bxc5 9. O-O O-O 10. Nb3 Bb6 11. h3 Nc6 12. Bc2 Qd6 13. Nbd4 Re8 14.
Bg5 h6 15. Bh4 Ne4 16. Re1 g5 17. Bg3 Qf6 18. Bb3 Be6 19. Bh2 Rad8 20. Qd3 h5 21. Rf1 g4 22. Nxc6 bxc6 23. Nd4 c5 24. Nxe6 fxe6 25.
c4 dxc4 26. Qxe4 cxb3 27. hxg4 Rd4 28. Qc6 Qd8 29. gxh5 c4 30. axb3 cxb3 31. Rxa6 Rd1 32. g3 Rxf1+ 33. Kxf1 Qd1+ 34. Kg2 Qd8 35. Rxb6 Rf8 36. Qe4 Qf6 37. Qg6+ Qxg6 38. hxg6 Kg7 39. Rxb3 Rc8 40. Rf3 Rc6 41. g4 Kxg6 42. b4 Rb6 43. Rb3 Rb5 44. Bd6 Kg5 45. Bc5 Kxg4 46. Re3 Kf5 47.
Kf3 e5 48. Ke2 e4 49. Kd2 Ke5 50. f3 Kd5 51. fxe4+ Kc4 52. Rc3# 1-0

[Event "*** Titled Tuesday Blitz"]
[Site "Chess.com"]
[Date "2020.04.28"]
[Round "3"]
[White "GukeshDommaraju"]
[Black "blobica"]
[Result "0-1"]
[WhiteElo "2749"]
[BlackElo "2566"]
[TimeControl "180+1"]
[EndTime "10:29:55 PDT"]
[Termination "blobica won by resignation"]

1. e4 c6 2. d4 d5 3. Nc3 dxe4 4. Nxe4 Nf6 5. Nxf6+ exf6 6. c3 Bd6 7. Bd3 O-O 8. Qc2 Re8+ 9. Ne2 h5 10. Be3 Qc7 11.
O-O-O h4 12. h3 Nd7 13. c4 Qa5 14. Kb1 Nf8 15. Nc3 a6 16. c5 Bb8 17. Na4 Be6 18.
Bd2 Qd8 19. Nb6 Ra7 20. Bc3 Bc7 21. d5 cxd5 22. Bd4 Bxb6 23. cxb6 Ra8 24. Rhe1 Rc8 25. Qb3 Nd7 26. Rc1 Ne5 27. Rxc8 Bxc8 28. Bf1 Bf5+ 29. Ka1 Nc6 30. Rxe8+ Qxe8 31. Qe3 Qc8 32. Bc5 d4 33. Qd2 Qe6 34. b3 Qe4 35. Kb2 Qb1+ 36. Ka3 Qxf1 37.
Qf4 Be6 38. Bxd4 Nxd4 39. Qxd4 Qc1+ 40. Kb4 Qc6 41. Qd8+ Kh7 42. Qd3+ g6 43. Qd4 Kg7 44. a4 Qxg2 45. a5 Qxh3 46. Kc5 Qxb3 47. Qxh4 Qa3+ 48. Qb4 Qxb4+ 49. Kxb4 Bd5 0-1

[Event "*** Titled Tuesday Blitz"]
[Site "Chess.com"]
[Date "2020.04.28"]
[Round "3"]
[White "czasnaszachy"]
[Black "MPGM"]
[Result "1-0"]
[WhiteElo "2316"]
[BlackElo "2516"]
[TimeControl "180+1"]
[EndTime "10:29:55 PDT"]
[Termination "czasnaszachy won by resignation"]

1. d4 d5 2. c4 Bf5 3. Nc3 e6 4. Qb3 Nc6 5. e3 Nb4 6. e4 dxe4 7. Be3 Nf6 8. a3 Nd3+ 9. Bxd3 exd3 10. O-O-O Be7 11.
f3 O-O 12. g4 Bg6 13. h4 h5 14. g5 Ne8 15. Nh3 Nd6 16. Nf4 Bf5 17. c5 Ne8 18. Nxh5 b6 19. Ne4 bxc5 20. dxc5 Rb8 21. Qc3 Qc8 22.
Rxd3 Qa6 23. Rd7 Qe2 24. Neg3 Qxf3 25. Rxe7 Bg4 26. Rf1 Qg2 27. Rxe8 Bxh5 28. Nxh5 Qxf1+ 29. Kc2 Qe2+ 30. Kc1 Qxh5 31. Rxb8 Rxb8 32. Bf2 Qf3 33. Qxf3 Rd8 34. Qc3 Rd5 35. Kc2 Rf5 36. Bg3 Rd5 37. Bxc7 e5 38. Ba5 e4 39. c6 e3 40. c7 e2 41. c8=Q+ Kh7 42. Qe3 e1=Q 43. Qxe1 Rf5 44. Qe4 g6 45. Qcxf5 gxf5 46. Qxf5+ Kg8 47. Qf6 1-0

[Event "*** Titled Tuesday Blitz"]
[Site "Chess.com"]
[Date "2020.04.28"]
[Round "3"]
[White "Volovier"]
[Black "gmcorrales"]
[Result "1/2-1/2"]
[WhiteElo "2625"]
[BlackElo "2814"]
[TimeControl "180+1"]
[EndTime "10:29:56 PDT"]
[Termination "Game drawn by repetition"]

1. d4 Nf6 2. Nf3 g6 3. g3 Bg7 4. c4 O-O 5. Bg2 d5 6. O-O Nc6 7. Nc3 dxc4 8. d5 Na5 9. Bg5 c6 10. e4 cxd5 11. exd5 Bf5 12. Re1 Re8 13. Qd2 Rc8 14.
Bh6 a6 15. Bxg7 Kxg7 16. Rad1 b5 17. Ne5 Qd6 18. h3 h5 19. f4 b4 20. Na4 Bd7 21. b3 Bxa4 22. bxa4 c3 23. Qf2 Qc5 24. Nc6 Qxf2+ 25.
Kxf2 Nxc6 26. dxc6 e6 27. Rd6 Red8 28. Rxd8 Rxd8 29. Rc1 a5 30. Ke3 Kf8 31. a3 Ke7 32. axb4 axb4 33. c7 Rc8 34. Kd3 Rxc7 35. a5 Nd7 36.
Kc2 Nc5 37. Rb1 Ra7 38. Rxb4 Rxa5 39. Kxc3 Ra3+ 40. Kc4 Rxg3 41. Bc6 Nd3 42. Rb3 Kd6 43. Be8 Ke7 44. Bc6 Rxh3 45. Rxd3 Rxd3 46. Kxd3 Kf6 47. Ke4 g5 48. fxg5+ Kxg5 49. Be8 Kf6 50. Kf4 e5+ 51. Ke4 Ke6 52. Ba4 f5+ 53. Kf3 Kf6 54. Bb5 Kg5 55.
Bf1 h4 56. Bh3 Kf6 57. Ke3 Ke6 58. Kf3 Kf6 59. Ke3 Kg6 60. Kf3 Kg5 61. Ke3 e4 62. Ke2 Kf4 63. Kf2 Ke5 64. Ke2 f4 65. Bc8 Kd4 66. Bg4 Ke5 67. Bc8 Kd6 68. Bb7 Ke5 69. Bc8 1/2-1/2

[Event "*** Titled Tuesday Blitz"]
[Site "Chess.com"]
[Date "2020.04.28"]
[Round "3"]
[White "Atanejhad"]
[Black "SHIVACalypso"]
[Result "1-0"]
[WhiteElo "2526"]
[BlackElo "2284"]
[TimeControl "180+1"]
[EndTime "10:29:56 PDT"]
[Termination "Atanejhad won by resignation"]

1. e4 e6 2. d4 d5 3. Nd2 Nf6 4. e5 Nfd7 5. f4 c5 6. c3 Nc6 7. Ngf3 Qb6 8. Nb3 cxd4 9. Nbxd4 Bc5 10. g3 O-O 11. Bd3 Re8 12. Bc2 f6 13. exf6 Nxf6 14. O-O e5 15. fxe5 Nxe5 16. Nxe5 Rxe5 17. b4 Bxd4+ 18.
cxd4 Bg4 19. Rxf6 Qxf6 20. Qf1 Qxf1+ 21. Kxf1 Rf8+ 22. Bf4 Re7 23. Kg1 Rfe8 24. Be5 g6 25.
Bb3 Bf3 26. Rc1 Kf7 27. Kf2 Be4 28. Ke3 Ke6 29. Rf1 Rf7 30. Rc1 Rf3+ 31. Ke2 Ref8 32.
Bf4 g5 33. Be3 R3f7 34. Rc5 Kd6 35. Bxg5 Rc7 36. Bf4+ Rxf4 37. gxf4 Rxc5 38. dxc5+ Kc6 39. Ba4+ b5 40. cxb6+ Kxb6 41. Ke3 a5 42. bxa5+ Kxa5 43. Bb3 Kb4 44. Kd4 Bg6 45. Bxd5 Ka3 46. Ke5 1-0

[Event "*** Titled Tuesday Blitz"]
[Site "Chess.com"]
[Date "2020.04.28"]
[Round "3"]
[White "olomi007"]
[Black "renehp"]
[Result "1-0"]
[WhiteElo "2659"]
[BlackElo "2413"]
[TimeControl "180+1"]
[EndTime "10:29:57 PDT"]
[Termination "olomi007 won by resignation"]

1. e4 c5 2. Nf3 d6 3. d4 cxd4 4. Nxd4 Nf6 5. Nc3 a6 6. Be3 Ng4 7. Bc1 Nf6 8. Bg5 e6 9. f4 Qb6 10. Qd3 Qxb2 11. Rb1 Qa3 12. f5 Nc6 13. fxe6 fxe6 14.
Be2 Be7 15. Nxc6 bxc6 16. Bh5+ g6 17. Rf1 O-O 18. e5 dxe5 19. Bxg6 e4 20. Bxe4 Nxe4 21. Rxf8+ Bxf8 22. Nxe4 Qxd3 23. cxd3 e5 24. Rb6 c5 25.
Be3 Bf5 26. Kd2 Bxe4 27. dxe4 c4 28. Kc3 a5 29. Kxc4 Rc8+ 30. Kd3 Bb4 31. Rb5 Rc3+ 32. Ke2 Rc2+ 33. Kf3 Rxa2 34. Rxe5 Ra3 35. Rd5 a4 36. Kf4 Rb3 37. Bc5 Bc3 38. Rd8+ Kf7 39. Ra8 Bb4 40. Ra7+ Ke6 41. Bxb4 Rxb4 42. Rxh7 a3 43. Ra7 Rb3 44. h4 Rc3 45. Ra6+ Kf7 46. g4 Kg8 47. h5 Rb3 48. g5 Kg7 49. Ra7+ Kg8 50. Kf5 Rh3 51. h6 Rf3+ 52. Kg6 Kf8 53. h7 Rh3 54. Ra8+ Ke7 55. h8=Q Rxh8 56. Rxh8 a2 57. Ra8 a1=Q 58. Rxa1 1-0

[Event "*** Titled Tuesday Blitz"]
[Site "Chess.com"]
[Date "2020.04.28"]
[Round "3"]
[White "MartinMatthiesen"]
[Black "Majesth"]
[Result "1/2-1/2"]
[WhiteElo "2469"]
[BlackElo "2475"]
[TimeControl "180+1"]
[EndTime "10:29:57 PDT"]
[Termination "Game drawn by repetition"]

1. d4 e6 2. c4 Bb4+ 3. Bd2 c5 4. Bxb4 cxb4 5. g3 Nf6 6. Bg2 O-O 7. a3 Qa5 8. Qd2 Nc6 9. Bxc6 dxc6 10. Qxb4 Qh5 11. Qd6 b6 12. Qe5 Qg6 13. Nf3 Qc2 14. O-O Qxc4 15.
Nc3 Ba6 16. Rfe1 Rfd8 17. Qf4 c5 18. dxc5 Qxc5 19. Rad1 Bb7 20. Ne5 h6 21. h3 Qe7 22.
Qe3 Nd5 23. Nxd5 Rxd5 24. Rxd5 Bxd5 25. Rc1 Bb7 26. f3 Qd6 27. Kf2 Rd8 28. Qf4 f6 29. Nd3 e5 30. Qf5 Ba6 31. Rd1 Bb7 32. b4 Qd4+ 33. Kf1 Qc4 34. Rc1 Qf7 35. Nf2 Ba6 36. Ke1 Qa2 37. Qc2 Qd5 38. Ne4 Bb7 39. Kf2 Rd7 40. Qc4 Kh7 41. Qxd5 Bxd5 42. Rd1 Bc6 43. Rxd7 Bxd7 44. Ke3 Kg8 45. Nd6 Kf8 46. Ke4 Bc6+ 47. Kf5 Bd7+ 48. Ke4 Bc6+ 49. Kf5 Bd7+ 50. Ke4 1/2-1/2

[Event "*** Titled Tuesday Blitz"]
[Site "Chess.com"]
[Date "2020.04.28"]
[Round "3"]
[White "TregubovP"]
[Black "petrkostenko"]
[Result "0-1"]
[WhiteElo "2508"]
[BlackElo "2299"]
[TimeControl "180+1"]
[EndTime "10:29:58 PDT"]
[Termination "petrkostenko won by resignation"]

1. e4 e6 2. d4 d5 3. exd5 exd5 4. Nf3 Nc6 5. h3 Bd6 6. Bd3 Nge7 7. c3 Bf5 8. O-O Qd7 9. Bxf5 Qxf5 10. Nbd2 O-O-O 11. b4 Ng6 12. Nb3 Nf4 13. b5 Ne7 14. Bxf4 Qxf4 15. Nc5 g5 16. Re1 Rhg8 17. Qd2 Qxd2 18. Nxd2 Ng6 19. g3 Rde8 20. Nf3 f6 21. Kg2 b6 22. Nd3 Kd7 23. a4 a5 24. Nh2 h5 25. Nf1 Rxe1 26. Rxe1 Ne7 27. Ne3 Rc8 28. g4 h4 29. Rf1 c6 30. bxc6+ Rxc6 31. Rc1 Ke6 32. Kf3 Ba3 33. Rc2 Bd6 34. Ke2 Bc7 35. Kd2 Kd7 36. Rb2 Re6 37. Rb5 Kd6 38. f4 Re4 39. fxg5 fxg5 40. Nf2 Rf4 41. Nd3 Rf3 42. Ne5 Rxh3 43. c4 dxc4 44. N5xc4+ Kd7 45. Rxg5 Rh2+ 46. Kd3 h3 47. Rh5 Rh1 48. d5 h2 49. Ke4 Re1 50. Rh7 h1=Q+ 0-1

[Event "*** Titled Tuesday Blitz"]
[Site "Chess.com"]
[Date "2020.04.28"]
[Round "3"]
[White "JoakimVonAnd"]
[Black "KuzubovYuriy"]
[Result "1-0"]
[WhiteElo "2526"]
[BlackElo "2724"]
[TimeControl "180+1"]
[EndTime "10:29:59 PDT"]
[Termination "JoakimVonAnd won by resignation"]

1. d4 Nf6 2. c4 e6 3. Nc3 Bb4 4. e3 O-O 5. Bd3 c5 6. Nf3 d5 7. cxd5 exd5 8. dxc5 Nbd7 9. Bd2 Nxc5 10. Be2 Ne6 11. a3 Be7 12. O-O a6 13. Rc1 Re8 14. Be1 Bf8 15. Nd4 Nc5 16. Bf3 Nce4 17. Nxe4 dxe4 18.
Be2 Qb6 19. b4 Bd6 20. Bc3 Bd7 21. Qb3 Re7 22. Rfd1 Bg4 23. Bxg4 Bxh2+ 24. Kxh2 Nxg4+ 25. Kg1 Qh6 26. Nf5 Qh2+ 27. Kf1 Re6 28. Qd5 Qh1+ 29. Ke2 Qxg2 30. Rf1 Qf3+ 31. Ke1 Ree8 32. Nxg7 Rad8 33. Qg5 f6 34. Bxf6 h6 35. Qg6 Qxf6 36. Qxf6 Nxf6 37.
Nxe8 Nxe8 38. Rg1+ Kf7 39. Rg4 Nf6 40. Rc7+ Ke6 41.
Rg6 b5 42. Rb7 Rd6 43. Rxh6 Kd5 44. Rf7 Ng4 45. Rxd6+ Kxd6 46. Rg7 Ne5 47. Ra7 Nc4 48. Rxa6+ Kd5 49. a4 Nb2 50. axb5 Nd3+ 51. Ke2 Nxb4 52. Ra8 Kc5 53. Rd8 Kxb5 54. Rd4 Na2 55. Rxe4 Nc3+ 56. Kd3 1-0

[Event "*** Titled Tuesday Blitz"]
[Site "Chess.com"]
[Date "2020.04.28"]
[Round "3"]
[White "r31415"]
[Black "Twitch_ElhamBlitz05"]
[Result "0-1"]
[WhiteElo "2344"]
[BlackElo "2707"]
[TimeControl "180+1"]
[EndTime "10:29:59 PDT"]
[Termination "Twitch_ElhamBlitz05 won on time"]

1. e4 c6 2. d4 d5 3. e5 c5 4. dxc5 e6 5. Nf3 Bxc5 6. Bd3 Nc6 7. a3 Nge7 8. O-O Ng6 9. Re1 Bb6 10. b4 O-O 11. Bb2 Nce7 12. Nbd2 Bd7 13. c4 Bc7 14. c5 a6 15. g3 f6 16. exf6 gxf6 17. h4 Rf7 18. Nh2 Ne5 19. Bc2 N7c6 20. Qh5 Rg7 21. Ndf3 Qe8 22. Qh6 Qf8 23. Kh1 Nxf3 24. Nxf3 e5 25.
Bb3 Be6 26. Rad1 Rd8 27. Bc1 Re7 28. Qh5 Qf7 29. Qh6 Qg6 30. Qd2 d4 31. Bc2 Qf7 32. Qe2 Bd5 33. Kg1 d3 34. Qxd3 e4 35. Qd2 exf3 36.
Rxe7 Qxe7 37. Kh2 Qe2 38. Qe3 Qxe3 39. Bxe3 Kf7 40. Kh3 Be6+ 0-1

[Event "*** Titled Tuesday Blitz"]
[Site "Chess.com"]
[Date "2020.04.28"]
[Round "3"]
[White "xamax2000"]
[Black "CalinGheorghiu"]
[Result "1-0"]
[WhiteElo "2708"]
[BlackElo "2330"]
[TimeControl "180+1"]
[EndTime "10:29:59 PDT"]
[Termination "xamax2000 won by resignation"]

1. e4 e6 2. d4 d5 3. Nc3 Nf6 4. Bg5 dxe4 5. Nxe4 Be7 6. Nxf6+ Bxf6 7. Bxf6 Qxf6 8.
Nf3 O-O 9. Qd3 c5 10. O-O-O Nc6 11. Qe4 cxd4 12. Nxd4 Nxd4 13. Rxd4 e5 14. Bd3 Bf5 15. Qxf5 Qxf5 16. Bxf5 exd4 17. Kd2 g6 18. Be4 Rab8 19. h4 f5 20. Bd5+ Kg7 21. Rh3 Rfd8 22. Bc4 Rd6 23. Ra3 a6 24. g3 b5 25. Bd3 Kf6 26. Rb3 Rbb6 27. Rb4 h6 28. b3 g5 29. hxg5+ hxg5 30.
a4 bxa4 31. Rxa4 f4 32. gxf4 gxf4 33. Ke2 Rd5 34. Kf3 Ke5 35. Bxa6 Rh6 36. Bd3 Rh3+ 37.
Kg2 Rh6 38. Ra8 Rf6 39. Kf3 Kd6 40. Ra6+ Ke5 41. Rxf6 Kxf6 42. Kxf4 Rc5 43. Ke4 Rc7 44.
Kxd4 Kg5 45. b4 Kf4 46. Be4 Kg5 47. b5 Kf6 48. c4 Ke7 49. c5 Rd7+ 50. Bd5 Kd8 51.
b6 Rh7 52. c6 Kc8 53. Be6+ Kb8 54. c7+ Rxc7 55. bxc7+ Kxc7 56. Ke5 Kd8 57. f4 1-0

[Event "*** Titled Tuesday Blitz"]
[Site "Chess.com"]
[Date "2020.04.28"]
[Round "3"]
[White "Sunnika"]
[Black "chenxiaoyuer"]
[Result "0-1"]
[WhiteElo "2322"]
[BlackElo "2136"]
[TimeControl "180+1"]
[EndTime "10:29:59 PDT"]
[Termination "chenxiaoyuer won by resignation"]

1. d4 Nf6 2. Nf3 g6 3. g3 Bg7 4. Bg2 O-O 5. O-O d6 6. c4 Nc6 7. Nc3 Bg4 8. d5 Na5 9. Nd2 c5 10. Qc2 a6 11. a3 b5 12. cxb5 axb5 13. h3 Bd7 14. e4 b4 15. Nd1 Bb5 16. Re1 b3 17.
Qb1 Nd7 18. Nc3 Bxc3 19. bxc3 c4 20. Nf3 Nc5 21. Bh6 Re8 22. Nd4 Ba4 23. e5 dxe5 24.
Rxe5 Nd3 25. Re3 Qd6 26. Rxd3 cxd3 27. Qxd3 Rac8 28. h4 Qc5 29. Bd2 Nc4 30. Be1 Rb8 31. h5 b2 32. Rb1 Nxa3 33. hxg6 hxg6 34. Ne6 Qd6 35. Rxb2 Rxb2 36. Nf4 Qe5 37. Bd2 Rb1+ 38. Kh2 Qh8+ 39. Nh3 Bd7 40. Be3 Bxh3 41. Bxh3 Rh1+ 42. Kxh1 Qxh3+ 43. Kg1 Rb8 44. Bc1 Rb1 45. Qd1 Qh6 46.
Bxh6 Rxd1+ 47. Kg2 Rxd5 48. Be3 Nc4 49. Bd4 e5 50. Ba7 f5 51. Kf3 Kf7 52. Ke2 Ke6 53.
f3 Rd7 54. g4 e4 55. fxe4 fxe4 56. g5 Rxa7 0-1

[Event "*** Titled Tuesday Blitz"]
[Site "Chess.com"]
[Date "2020.04.28"]
[Round "3"]
[White "Qvalda"]
[Black "manitodeplomo"]
[Result "1/2-1/2"]
[WhiteElo "2410"]
[BlackElo "2615"]
[TimeControl "180+1"]
[EndTime "10:30:00 PDT"]
[Termination "Game drawn by repetition"]

1. e4 c5 2. Nc3 e6 3. f4 a6 4. g3 b5 5. Bg2 Bb7 6. Qe2 Nc6 7. d3 Nd4 8. Qf2 Rc8 9. Nf3 Nxf3+ 10. Bxf3 Ne7 11.
O-O Nc6 12. e5 d6 13. exd6 Bxd6 14. Ne4 O-O 15. Nxd6 Qxd6 16. Be3 Na5 17. Bxb7 Nxb7 18. Rae1 Qd5 19. Qf3 Rfd8 20. Qxd5 Rxd5 21. Kg2 f6 22. Kf3 Kf7 23. g4 Nd6 24. Bf2 c4 25. d4 h5 26. h3 hxg4+ 27. hxg4 f5 28. gxf5 Nxf5 29. c3 b4 30. Re5 Rxe5 31. fxe5 Rb8 32.
Be1 a5 33. Ke4 Rb5 34. Rf3 g5 35. d5 Ke7 36. dxe6 Nh4 37. Bxh4 gxh4 38. Rh3 Kxe6 39. Rxh4 Rxe5+ 40. Kd4 bxc3 41. bxc3 Re2 42. Kxc4 Rxa2 43. Rh6+ Ke5 44. Rh5+ Ke4 45. Kb3 Ra1 46. Rh4+ Kd5 47. Rh5+ Kc6 48. Rh6+ Kc7 49. Rh7+ Kc6 50. Rh6+ Kc7 51.
Rh7+ Kc6 52. Rh6+ 1/2-1/2